 Dungeon Crawl Stone Soup version 0.17.0-26-gececa24 (webtiles) character file.

71 4thArraOfDagon the Insei (level 4, -7/26 HPs)
             Began as a Tengu Transmuter on Nov 20, 2015.
             Killed by divine providence
             ... invoked by an orc priest
              (12 damage)
             ... on level 4 of the Dungeon.
             The game lasted 00:03:24 (766 turns).

4thArraOfDagon the Insei (Tengu Transmuter)          Turns: 766, Time: 00:03:24

Health: -7/26      AC:  2    Str: 10    XL:     4   Next: 24%
Magic:  7/8        EV: 19    Int: 14    God:
Gold:   80         SH:  0    Dex: 20    Spells: 3 memorised, 1 level left

rFire  . . .     SeeInvis .       - Unarmed
rCold  . . .     Clarity  .     b - +0 robe
rNeg   . . .     SustAt   .     (no shield)
rPois  .         Gourm    .     (helmet restricted)
rElec  .         Spirit   .     (no cloak)
rCorr  .         Warding  .     (no gloves)
rMut   .         Stasis   .     (boots unavailable)
MR     .....                    (no amulet)
Stlth  +++.......               (no ring)
                                (no ring)

@: agile, appendage (expiring), not resistant to hostile enchantments, fairly
stealthy
A: beak, horns 2, talons 3
a: End Transformation


You were on level 4 of the Dungeon.
You were not hungry.
You had grown temporary horns.
You visited 2 branches of the dungeon, and saw 5 of its levels.

You collected 80 gold pieces.

Inventory:

Hand Weapons
 o - the +5 dagger "Spider's Death" {pierce, rN+}
   (You found it on level 4 of the Dungeon)

   It inflicts extra damage upon your enemies.
   It protects you from negative energy.
Missiles
 a - 33 arrows
Armour
 b - a +0 robe (worn)
Scrolls
 e - a scroll of identify
 f - 2 scrolls of amnesia {unknown}
 g - a scroll of enchant weapon {unknown}
 h - a scroll of blinking {unknown}
 i - 2 scrolls of remove curse
 j - a scroll of fog {unknown}
 k - a scroll of teleportation
Books
 c - a book of Changes

   Spells                             Type                      Level
   a - Beastly Appendage              Transmutation                1
   b - Sticks to Snakes               Transmutation                2
   c - Spider Form                    Transmutation/Poison         3
   d - Ice Form                       Ice/Transmutation            4
   e - Blade Hands                    Transmutation                5
Comestibles
 d - 4 bread rations
 l - a slice of pizza
 n - 4 fruits


   Skills:
 + Level 1.7 Fighting
 + Level 2.9 Dodging
 * Level 4.2 Unarmed Combat
 - Level 2.0 Spellcasting
 + Level 2.1 Transmutations


You had one spell level left.
You knew the following spells:

 Your Spells              Type           Power        Failure   Level  Hunger
a - Beastly Appendage     Trmt           #.....       12%         1    ##.....
b - Spider Form           Trmt/Pois      #.........   47%         3    ####...
c - Sticks to Snakes      Trmt           #.........   17%         2    ###....


Dungeon Overview and Level Annotations

Branches:
Dungeon (4/15)             Temple (1/1) D:4

Altars:
Dithmenos
Elyvilon
Fedhas
Gozag
Kikubaaqudgha
Makhleb
Okawaru
Vehumet
Zin


Innate Abilities, Weirdness & Mutations

You have a beak for a mouth.
You have claws for feet.
You have a pair of horns on your head.


Message History

Unknown command.
You miss the hound. You claw the hound, but do no damage. You peck the hound.
You kill the hound!
You have reached level 4!
You feel agile.
An orc comes into view. It is wielding a hand axe.
The orc shouts!
An orc comes into view. It is wielding a dagger.
The orc shouts!
You hear a shout!
An orc priest comes into view.
Casting: Beastly Appendage
Confirm with . or Enter, or press ? or * to list all spells.
You grow a pair of large bovine horns.
Unknown command.
Unknown command.
Your transformation is almost over.
Unknown command.
The orc priest mumbles some strange prayers to Beogh against you.
Something smites you!
You die...

#.#.# #.# # #.
#.#.########.# #
#.
#.#..........#
#. #.#..######
#. #.#..# #.
#†#..# #. #.#..#
#..##.##.#..###
#....oo..@....#
.......#.##.##.#
......o..##.# .#
.#.##.#####.# #
# #o #.# #. #.#
# #.# ..


You could see an orc priest and 2 orcs.

Vanquished Creatures
  A hound (D:4)
  An adder (D:4)
  A giant gecko (D:3)
  2 orcs (D:3)
  5 hobgoblins
  2 jackals (D:1)
  A ball python (D:3)
  A giant cockroach (D:2)
  4 giant newts
  5 goblins
  2 kobolds (D:1)
  3 rats
28 creatures vanquished.

Notes
Turn   | Place    | Note
--------------------------------------------------------------
     0 | D:1      | 4thArraOfDagon the Tengu Transmuter began the quest for the Orb.
     0 | D:1      | Reached XP level 1. HP: 12/12 MP: 4/4
    30 | D:1      | Reached XP level 2. HP: 4/16 MP: 4/6
   488 | D:3      | Reached XP level 3. HP: 16/20 MP: 5/7
   493 | D:3      | Learned a level 3 spell: Spider Form
   500 | D:3      | Found a shadowy altar of Dithmenos.
   570 | D:4      | Noticed an ogre
   580 | D:4      | Found a staircase to the Ecumenical Temple.
   588 | Temple   | Entered the Ecumenical Temple
   663 | D:4      | Reached skill level 4 in Unarmed Combat
   679 | D:4      | Learned a level 2 spell: Sticks to Snakes
   733 | D:4      | Got a faintly glowing dagger
   737 | D:4      | Identified the +5 dagger "Spider's Death" {pierce, rN+} (You found it on level 4 of the Dungeon)
   759 | D:4      | Reached XP level 4. HP: 4/26 MP: 8/8
   766 | D:4      | Killed from afar by an orc priest

Action                   |  1- 3 |  4- 6 || total
-------------------------+-------+-------++-------
Melee: Unarmed           |    82 |       ||    82
       Dagger            |     4 |       ||     4
 Cast: Beastly Appendage |     8 |     1 ||     9
  Use: Scroll            |     3 |       ||     3
       Potion            |     3 |       ||     3
 Stab: Sleeping          |     3 |       ||     3
